 Dungeon Crawl Stone Soup version 0.20-a0-1114-g33edf32 (webtiles) character file.

91 Monsterracer the Chopper (level 4, -3/35 HPs)
             Began as a Hill Orc Fighter on May 6, 2017.
             Slain by an orc
             ... wielding a +0 war axe
              (11 damage)
             ... on level 3 of the Dungeon.
             The game lasted 00:02:23 (2267 turns).

Monsterracer the Chopper (Hill Orc Fighter)         Turns: 2267, Time: 00:02:24

Health: -3/35      AC:  6    Str: 18    XL:     4   Next: 57%
Magic:  4/4        EV:  7    Int:  8    God:
Gold:   117        SH:  9    Dex: 11    Spells: 3/3 levels left

rFire    + . .     SeeInvis .   a - +0 war axe
rCold    . . .     Gourm    .   c - +0 shield
rNeg     . . .     Faith    .   b - +0 scale mail
rPois    .         Spirit   .   (no helmet)
rElec    .         Reflect  .   (no cloak)
rCorr    .         Harm     .   (no gloves)
MR       .....                  (no boots)
Stlth    ..........             (no amulet)
Regen    0.2/turn               n - ring of protection from fire
MPRegen  0.1/turn               (no ring)

@: no status effects
A: hooves 1, frail 1
a: no special abilities


You were on level 3 of the Dungeon.
You were hungry.

You visited 1 branch of the dungeon, and saw 3 of its levels.

You collected 117 gold pieces.

Inventory:

Hand Weapons
 a - a +0 war axe (weapon)
Armour
 b - a +0 scale mail (worn)
 c - a +0 shield (worn)
Jewellery
 n - a ring of protection from fire (left hand)
Scrolls
 e - a scroll of identify {unknown}
 g - a scroll of immolation {unknown}
 h - 2 scrolls of noise {unknown}
 i - a scroll of amnesia {unknown}
 k - 2 scrolls of fear {unknown}
Potions
 d - 2 potions of might
 j - 3 potions of heal wounds
 m - a potion of resistance
Comestibles
 f - a bread ration
 l - 2 royal jellies


   Skills:
 - Level 3.6 Fighting
 + Level 6.1 Axes
 - Level 3.2 Armour
 - Level 3.2 Shields


You had 3 spell levels left.
You didn't know any spells.

Dungeon Overview and Level Annotations

Branches:
Dungeon (3/15)

Altars:
Gozag


Innate Abilities, Weirdness & Mutations

You have large cloven feet.
You are frail. (-10% HP)


Message History

The orc hits you with a war axe!
Unknown command.
You are too injured to fight recklessly!
You are too injured to fight recklessly!
You are too injured to fight recklessly!
You closely miss the orc.
The orc is lightly wounded.
The orc hits you with a war axe.
Your shield prevents you from hitting the orc.
Your kick misses the orc.
The orc is lightly wounded.
The orc hits you with a war axe.
* * * LOW HITPOINT WARNING * * *
You barely miss the orc.
The orc is lightly wounded.
The orc barely misses you.
Your shield prevents you from hitting the orc.
The orc is lightly wounded.
You block the orc's attack. The orc hits you with a war axe!
You die...

.. ... ... ##.# ...
############.# ########+
.....<.......###.)......
#####.######...(@o......
###.†††....#.##..[......
....(.####.#.##.........
.........# #.##.........
.....###.# #.###........
.........# #.# #........
......####.#.# #.!......
...........#.# #........
.....#######.#


You could see an orc.

Vanquished Creatures
  3 adders
  An ooze (D:2)
  A dart slug (D:2)
  3 orcs (D:3)
  7 bats
  3 giant cockroaches (D:2)
  2 hobgoblins (D:2)
  8 jackals
  10 kobolds
  A quokka (D:2)
  2 ball pythons (D:1)
  3 frilled lizards
  3 goblins
  4 rats
51 creatures vanquished.

Notes
Turn   | Place    | Note
-------+----------+-------------------------------------------
     0 | D:1      | Monsterracer the Hill Orc Fighter began the quest for the Orb.
     0 | D:1      | Reached XP level 1. HP: 19/19 MP: 1/1
   110 | D:1      | Reached skill level 3 in Axes
   166 | D:1      | Reached XP level 2. HP: 26/26 MP: 2/2
   196 | D:1      | Reached skill level 4 in Axes
   523 | D:1      | Reached XP level 3. HP: 31/31 MP: 3/3
   984 | D:2      | Reached skill level 5 in Axes
  1556 | D:2      | Reached XP level 4. HP: 36/39 MP: 4/4
  1595 | D:2      | HP: 1/39 [poisoned by an adder]
  2026 | D:2      | Gained mutation: You are frail. (-10% HP) [potion of mutation]
  2026 | D:2      | Gained mutation: You have large cloven feet. [potion of mutation]
  2126 | D:2      | Found an opulent altar of Gozag.
  2210 | D:3      | Reached skill level 6 in Axes
  2267 | D:3      | Slain by an orc

Vault maps used:
D:1:      mrwooster_arrival_statue
D:2:      grunt_gozag_statues
D:3:      vehumet_crystals, minmay_misc_feat_tower

Skill      XL: |  1  2  3  4 |
---------------+-------------+-----
Axes           | 3 4 5 6 |  6.1
Fighting       | |  3.6
Armour         | |  3.2
Shields        | |  3.2

Action                   |  1- 3 |  4- 6 || total
-------------------------+-------+-------++-------
Melee: War axe           |    96 |    48 ||   144
       Kick              |       |     5 ||     5
  Use: Potion            |     2 |     2 ||     4
  Eat: Fruit             |     1 |       ||     1
       Chunk             |       |     3 ||     3
Armor: Scale mail        |    45 |    32 ||    77
Dodge: Dodged            |    31 |    30 ||    61
Block: Shield            |    58 |    31 ||    89
